 Dungeon Crawl Stone Soup version 0.31-a0-1068-g5939ac1fb6 (webtiles) character file.

Game seed: 15456926251862787766

903 Azuregosa the Covert (level 8, -1/52 HPs)
             Began as an Octopode Delver on Nov 24, 2023.
             Was a Believer of Sif Muna.
             Slain by a wraith (12 damage)
             ... on level 5 of the Dungeon.
             The game lasted 00:21:54 (5083 turns).

Azuregosa the Covert (Octopode Delver)              Turns: 5083, Time: 00:21:54

Health: -1/52      AC:  1    Str: 11    XL:     8   Next: 7%
Magic:  14/14      EV: 13    Int: 14    God:    Sif Muna [**....]
Gold:   142        SH:  0    Dex: 20    Spells: 10/15 levels left

rFire   . . .        y - +0 trident (protect)
rCold   . . .        (no shield)
rNeg    . . .        (helmet restricted)
rPois   .            (no amulet)
rElec   .            n - +6 ring of dexterity
rCorr   .            (no ring)
SInv    .            (no ring)
Will    .....        (no ring)
Stlth   ++++++       (no ring)
HPRegen 0.28/turn    (no ring)
MPRegen 0.14/turn    (no ring)
                     (no ring)

%: no passive effects
@: slowed, very slow
A: almost no armour, amphibious, 8 rings, camouflage 1, gelatinous body 1,
(nimble swimmer 1), tentacles
a: Renounce Religion, Channel Magic


You were on level 5 of the Dungeon.
You worshipped Sif Muna.
Sif Muna was pleased with you.
You visited 2 branches of the dungeon, and saw 6 of its levels.

You collected 142 gold pieces.

Inventory:

Hand Weapons
 a - a +0 mace
 c - a +1 heavy mace
 j - a +0 morningstar
 o - a +1 whip of venom
 v - a +0 dagger of venom
 y - a +0 trident of protection (weapon)
 H - a +0 hand axe of electrocution
Missiles
 g - 19 poisoned darts
 m - 48 stones
Magical Staves
 B - a staff of cold
Jewellery
 n - a +6 ring of dexterity (left tentacle)
 w - an amulet of regeneration
 F - an amulet of guardian spirit
Talismans
 t - a beast talisman
Wands
 f - a wand of digging (3)
Scrolls
 b - 2 scrolls of fog
 d - 3 scrolls of fear
 h - a scroll of revelation
 i - a scroll of brand weapon {unknown}
 p - 3 scrolls of immolation
 q - 3 scrolls of amnesia {unknown}
 s - a scroll of torment {unknown}
 u - 3 scrolls of noise {unknown}
 x - 4 scrolls of identify {unknown}
 C - a scroll of butterflies {unknown}
 D - a scroll of vulnerability {unknown}
Potions
 e - 3 potions of haste
 k - a potion of mutation {unknown}
 l - 2 potions of heal wounds {unknown}
 r - 2 potions of cancellation {unknown}
 z - a potion of curing {unknown}
 A - a potion of brilliance {unknown}
 E - a potion of might {unknown}
 G - 2 potions of invisibility {unknown}


   Skills:
 - Level 3.0 Fighting
 - Level 2.0 Maces & Flails
 - Level 2.0 Dodging
 - Level 10.2 Stealth
 + Level 4.3 Spellcasting
 + Level 5.7 Poison Magic


You had 10 spell levels left.
You knew the following spells:

 Your Spells              Type           Power      Damage    Failure   Level
a - Sting                 Tmut/Pois      44%        1d5       6%          1
b - Olgreb's Toxic Radia  Pois           19%        N/A       17%         4

Your spell library contained the following spells:

 Spells                   Type           Power      Damage    Failure   Level
 Poisonous Vapours        Pois/Air       22%        N/A       9%          2


Dungeon Overview and Level Annotations

Branches:
Dungeon (5/15)             Temple (1/1) D:5

Altars:
Ashenzari
Kikubaaqudgha
Nemelex Xobeh
Okawaru
Qazlal
Sif Muna
Vehumet
Wu Jian
Xom


Innate Abilities, Weirdness & Mutations

You cannot wear most types of armour.
You are amphibious.
You can wear up to eight rings at the same time.
Your skin changes colour to match your surroundings (Stealth+).
Your rubbery body absorbs attacks. (AC +1, EV +1)
((You are camouflaged when in or above water. (Stealth+)))
You have tentacles for arms and can constrict up to eight enemies at once.


Message History

You squeeze the wraith!
The wraith is moderately damaged.
The wraith barely misses you. The wraith hits you but does no damage.
You completely miss the wraith.
The wraith is moderately damaged.
The wraith hits you but does no damage. x2
You hit the wraith but do no damage. Your squeeze misses the wraith.
The wraith is moderately damaged.
The wraith closely misses you. The wraith hits you but does no damage.
You barely miss the wraith.
The wraith is moderately damaged.
The wraith barely misses you. x2
You hit the wraith. You squeeze the wraith.
The wraith is heavily damaged.
The wraith hits you. The wraith drains your vigour!
You feel as though you will be slow longer.
The wraith hits you.
You hit the wraith but do no damage.
The wraith is heavily damaged.
The wraith hits you but does no damage. The wraith hits you.
You closely miss the wraith.
The wraith is heavily damaged.
The wraith hits you! The wraith drains your vigour!
You feel as though you will be slow longer.
The wraith hits you.
You hit the wraith but do no damage.
You squeeze the wraith, but do no damage.
The wraith is heavily damaged.
The wraith barely misses you. The wraith hits you!
* * * LOW HITPOINT WARNING * * *
The wraith drains your vigour!
You feel as though you will be slow longer.
You closely miss the wraith.
The wraith is heavily damaged.
The wraith barely misses you. The wraith hits you.
* * * LOW HITPOINT WARNING * * *
You closely miss the wraith.
The wraith is heavily damaged.
The wraith hits you!
You die...

.##.################.............
.##.# #........#.............
.##.# #.######.#.......######
.##.# #.#,,..#.....#.........
.##.# #.#,*#.#.#.#.#.........
.##.#######.#,*#.#.#.....#.......
.#..........#,*#.#.#.#.#.########
.############,*#W#.#.#.#.# ####
.# *,*#@#.#.#.#.# # .#########
#.##.#.#.#.#.# # .........#
#........#.#.# #
########.#############.#.# ##
.........................# #.
########.#############.### ##
#.................#
#.################# ###


You could see a wraith.

Vanquished Creatures
  Grinder (D:5)
  An ogre (D:5)
  A centaur (D:5)
  2 scorpions (D:5)
  2 jellies
  A gnoll bouda (D:5)
  2 hounds (D:5)
  An iguana (D:5)
  An orc priest (D:3)
  A sleepcap (D:4)
  4 gnolls
  5 adders
  2 worms
  3 dart slugs (D:3)
  13 orcs
  3 bats
  8 endoplasms
  3 giant cockroaches
  8 goblins
  8 hobgoblins
  10 kobolds
  3 quokkas
  9 ball pythons
  3 frilled lizards
  6 rats
101 creatures vanquished.

Notes
Turn   | Place    | Note
-------+----------+-------------------------------------------
     0 | D:5      | Azuregosa the Octopode Delver began the quest for the Orb.
     0 | D:5      | Reached XP level 1. HP: 16/16 MP: 1/1
    28 | D:5      | Noticed a hound
    42 | D:5      | Noticed a centaur
    52 | D:5      | Found a staircase to the Ecumenical Temple.
    58 | Temple   | Entered the Ecumenical Temple
    67 | Temple   | Became a worshipper of Sif Muna the Loreminder
   159 | D:3      | Reached skill level 7 in Stealth
   162 | D:3      | Reached XP level 2. HP: 11/21 MP: 2/2
   432 | D:2      | Reached XP level 3. HP: 26/26 MP: 3/3
   600 | D:1      | Reached skill level 8 in Stealth
   600 | D:1      | Found a faded altar of an unknown god.
   793 | D:1      | Reached * piety under Sif Muna
  1384 | D:1      | Reached XP level 4. HP: 25/31 MP: 4/4
  1697 | D:2      | Found a shimmering blue altar of Sif Muna.
  1912 | D:2      | Reached skill level 9 in Stealth
  2198 | D:3      | Reached XP level 5. HP: 9/36 MP: 5/5
  2410 | D:3      | Identified the +0 pair of gloves of Barnacled Awe {rPois
                  | Dex+2}
  2523 | D:3      | Found a stormy altar of Qazlal.
  2768 | D:3      | Reached skill level 10 in Stealth
  2796 | D:3      | Reached ** piety under Sif Muna
  3155 | D:4      | Learned a level 1 spell: Sting
  3296 | D:4      | Reached skill level 1 in Poison Magic
  3417 | D:4      | Reached XP level 6. HP: 42/42 MP: 7/7
  3453 | D:4      | Reached skill level 1 in Spellcasting
  4142 | D:5      | Reached XP level 7. HP: 17/46 MP: 10/10
  4334 | D:5      | Learned a level 4 spell: Olgreb's Toxic Radiance
  4923 | D:5      | Noticed Grinder
  4940 | D:5      | Killed Grinder
  4941 | D:5      | Reached skill level 5 in Poison Magic
  4941 | D:5      | Reached XP level 8. HP: 23/52 MP: 7/14
  5064 | D:5      | Noticed a wraith
  5083 | D:5      | Slain by a wraith

Illustrated notes

Levels and vault maps discovered:
D:1:      scummos_arrival_star, layout_loops_ring, serial_co_window_serial,
          co_window_cross_1, co_window_paths_a, co_window_corner_a,
          co_window_corner_a, co_window_corner_a, co_window_corner_cb,
          co_window_corner_ca, co_window_of_opportunity_b, co_window_paths_c,
          co_window_paths_e, co_window_sun, hellmonk_ecumenical_altar_blasted
D:2:      layout_basic, basic_altar
D:3:      minmay_inner_zag, layout_loops_ring, lemuel_doored_altar
D:4:      layout_loops_corners
D:5:      layout_basic, minmay_temple_entry_gardened_gates,
          serial_park_tiny_pond, uniq_grinder
Temple:   hellmonk_temple_two_chambers

Skill      XL: |  1  2  3  4  5  6  7 |
---------------+----------------------+-----
Stealth        | 7 8 9 10 | 10.2
Poison Magic   | 1 3 5 |  5.7
Spellcasting   | 2 4 |  4.3
Fighting       | |  3.0
Maces & Flails | |  2.0
Dodging        | |  2.0

Action                     |  1- 3 |  4- 6 |  7- 9 || total
---------------------------+-------+-------+-------++-------
  Melee: Mace              |    61 |    23 |       ||    84
         Constrict         |    11 |    30 |     7 ||    48
         Tentacles         |    10 |    24 |    10 ||    44
         Punch             |       |     4 |       ||     4
         Trident           |       |    85 |    44 ||   129
   Cast: Sting             |       |    10 |    23 ||    33
    Use: Scroll            |     1 |       |       ||     1
   Stab: Sleeping          |    21 |    13 |     1 ||    35
         Distracted        |       |     1 |       ||     1
 Armour: Skin              |    24 |    59 |    47 ||   130
  Dodge: Dodged            |    22 |    48 |    33 ||   103

Table legend: (Time is in decaauts)
 A = Elapsed time spent in this place.
 B = Non-inter-level travel time spent in this place.
 C = Inter-level travel time spent in this place.
 D = Time resting spent in this place.
 E = Time spent auto-exploring this place.
 F = Levels seen in this place.
 G = Mean time per level.
                   A        B        C        D        E       F      G
               +--------+--------+--------+--------+--------+-----+--------+
         Total |   5209 |   5057 |    152 |   1111 |   2692 |   6 |  868.2 |
       Dungeon |   5186 |   5034 |    152 |   1111 |   2692 |   5 | 1037.2 |
        Temple |     22 |     22 |      0 |      0 |      0 |   1 |   22.0 |
               +--------+--------+--------+--------+--------+-----+--------+

Top non-repeatable levels by time:
     D:1: 1217 daAuts
     D:5: 1145 daAuts
     D:3: 1074 daAuts
     D:4: 987 daAuts
     D:2: 761 daAuts
  Temple: 22 daAuts
